 Dungeon Sprint DCSS version 0.31-a0-981-geadf994542 (webtiles) character file.

Game seed: 11716515817789008902

653 Conn the Destroyer (level 7, -2/41 HPs)
             Began as an Octopode Fire Elementalist on Nov 1, 2023.
             Was a Follower of Sif Muna.
             Engulfed by a cloud of flame (13 damage)
             ... in the Dungeon (Sprint II: "The Violet Keep of Menkaure").
             The game lasted 00:09:01 (497 turns).

Conn the Destroyer (Octopode Fire Elementalist)      Turns: 497, Time: 00:09:01

Health: -2/41      AC:  1    Str:  8    XL:     7   Next: 54%
Magic:  2/18       EV: 15    Int: 25    God:    Sif Muna [*.....]
Gold:   169        SH:  0    Dex: 12    Spells: 5/22 levels left

rFire   + . .        q - +1 short sword (vamp)
rCold   + . .        (no shield)
rNeg    . . .        (helmet restricted)
rPois   +            (no amulet)
rElec   +            d - ring of poison resistance
rCorr   +            e - +6 ring of intelligence
SInv    .            (no ring)
Will    .....        (no ring)
Stlth   +++++        (no ring)
HPRegen 0.26/turn    (no ring)
MPRegen 0.16/turn    (no ring)
                     (no ring)

%: no teleportation
@: resistant
A: almost no armour, amphibious, 8 rings, camouflage 1, gelatinous body 1,
nimble swimmer 1, tentacles
a: Renounce Religion, Channel Magic


You were in the Dungeon.
You worshipped Sif Muna.
Sif Muna was aware of your devotion.
You visited 1 branch You collected 389 gold pieces.
You spent 220 gold pieces at shops.

Inventory:

Hand Weapons
 q - a +1 vampiric short sword (weapon)
Armour
 r - an orb of energy
Jewellery
 d - a ring of poison resistance (left tentacle)
 e - a +6 ring of intelligence (right tentacle)
Scrolls
 f - a scroll of blinking
 g - 2 scrolls of fog {unknown}
 i - a scroll of torment {unknown}
 j - a scroll of silence {unknown}
 k - 8 scrolls of identify {unknown}
 l - a scroll of immolation {unknown}
 p - a scroll of revelation {unknown}
Potions
 a - 8 potions of magic
 b - 2 potions of curing
 c - 2 potions of heal wounds
 h - 2 potions of resistance
 m - 3 potions of enlightenment {unknown}
 n - 4 potions of might {unknown}
 o - a potion of brilliance {unknown}


   Skills:
 - Level 6.0 Dodging
 - Level 5.0 Stealth
 * Level 8.4 Spellcasting
 * Level 8.7 Conjurations
 * Level 2.3 Hexes
 + Level 6.7 Fire Magic
 * Level 2.3 Earth Magic
 * Level 2.6 Invocations


You had 5 spell levels left.
You knew the following spells:

 Your Spells              Type           Power      Damage    Failure   Level
a - Foxfire               Conj/Fire      100%       2x1d9     1%          1
b - Scorch                Fire           88%        2d8       1%          2
c - Inner Flame           Hex/Fire       33%        N/A       2%          3
d - Flame Wave            Conj/Fire      49%        2d12      2%          4
e - Stone Arrow           Conj/Erth      76%        3d11      1%          3
f - Brom's Barrelling Bo  Conj/Erth      38%        2d6       6%          4

Your spell library contained the following spells:

 Spells                   Type           Power      Damage    Failure   Level
 Sandblast                Erth           44%        2d11      2%          1
 Volatile Blastmotes      Fire/Tloc      54%        2d14      4%          3
 Passwall                 Tmut/Erth      13%        N/A       5%          2


Dungeon Overview and Level Annotations

Branches:
Dungeon (1/1)

Altars:
Cheibriados
Dithmenos
Elyvilon
Fedhas
Gozag
Hepliaklqana
Kikubaaqudgha
Makhleb
Nemelex Xobeh
Okawaru
Qazlal
Ru
Sif Muna
Trog
Uskayaw
Vehumet
Wu Jian
Xom
Yredelemnul
Zin
The Shining One
Jiyva
Lugonu

Shops:
D =:![=?(??*!*[*:

Annotations:
D exclusions: obsidian statue and oklob plant


Innate Abilities, Weirdness & Mutations

You cannot wear most types of armour.
You are amphibious.
You can wear up to eight rings at the same time.
Your skin changes colour to match your surroundings (Stealth+).
Your rubbery body absorbs attacks. (AC +1, EV +1)
You are camouflaged when in or above water. (Stealth+)
You have tentacles for arms and can constrict up to eight enemies at once.


Message History

Confirm with . or Enter, or press ? or * to list all spells.
Aiming: Inner Flame (dangerous; 4% risk of failure)
Press: ? - help, Dir - move target, f - hornet
Aim: a hornet (steam, lightly wounded, chance to affect: 74%)
The hornet is filled with an inner flame.
The hornet is engulfed in a cloud of scalding steam.
Flame seeps out of the hornet.
The polar bear is engulfed in blazing flames.
Flame seeps out of the polar bear.
The polar bear is engulfed in a cloud of scalding steam.
The polar bear goes berserk!
The polar bear is engulfed in blazing flames.
Flame seeps out of the polar bear.
Casting: Inner Flame (dangerous; 4% risk of failure)
Confirm with . or Enter, or press ? or * to list all spells.
Flames lash the polar bear.
The polar bear is almost dead.
The polar bear's fire resistance burns away.
The polar bear is engulfed in a cloud of scalding steam.
You kill the polar bear!
Sif Muna accepts your kill.
The hornet is engulfed in a cloud of scalding steam.
Flame seeps out of the hornet.
Your Hexes skill gained 2 levels and is now at level 2!
Your Earth Magic skill gained 2 levels and is now at level 2!
Your Invocations skill gained 2 levels and is now at level 2!
Unknown command.
Casting: Scorch (safe; 1% risk of failure)
Confirm with . or Enter, or press ? or * to list all spells.
Flames lash the polar bear.
Sif Muna accepts your kill.
You can now call upon Sif Muna for magical energy.
The polar bear explodes!
The fiery explosion engulfs the hornet!!!
Sif Muna accepts your kill.
The hornet explodes!
The fiery explosion engulfs you!! You resist.
* * * LOW HITPOINT WARNING * * *
You are engulfed in blazing flames.
You resist.
You die...

#..# #. #):▓..([).[)▓▓ ##.####
+.####[:▓[...))((▓▓ .# ...#
...####▓...[))..▓▓ ####..##
#.^# $#▓)..).[..▓▓ #l##..# +..#
y#▓(...[..[▓▓ #.#$#..# #^.#
h#▓........▓▓ +#
#+..####..##.#▓.[..)().▓▓
#.#.#.§..###..§##▓▓▓▓▓▓▓'▓▓▓▓+▓
#l##...§..~~~§§@§§~~~~~..─X≈≈▓
###~~.....~#'########+###.≈w≈▓
3#~~~~~~~..~#..._._._#SS~##≈≈≈▓
##~~§~~§~~.~#_._._._.#S~≈≈####▓
#~~~≈§§~~~§~#._._._._#~~~~§#
~~~~~§§≈≈~~~#_._._._.#~~~≈≈§
++#§§§§≈≈≈≈~#._._._..#~§~~§≈ ≈
##§≈§###§≈#_._._...#~~~~≈§ ≈§≈
#≈≈# #≈≈#._._....#§~


You could see 3 water moccasins.

Vanquished Creatures
  A hornet (D)
  2 polar bears (D)
  2 water moccasins (D)
  4 scorpions (D)
  A hell rat (D)
10 creatures vanquished.

Vanquished Creatures (others)
  Menkaure (D)
  25 foxfires (D)
  20 tentacles (D)
46 creatures vanquished.

Grand Total: 56 creatures vanquished

Notes
Turn   | Place    | Note
-------+----------+-------------------------------------------
     0 | D        | Conn the Octopode Fire Elementalist began the quest for the
                  | Orb.
     0 | D        | Reached XP level 1. HP: 11/11 MP: 3/3
     1 | D        | Noticed a merfolk siren
     5 | D        | Noticed a scorpion
     5 | D        | Noticed a scorpion
    10 | D        | Killed a scorpion
    11 | D        | Reached XP level 2. HP: 17/17 MP: 4/7
    11 | D        | Reached XP level 3. HP: 21/21 MP: 4/8
    16 | D        | Killed a scorpion
    17 | D        | Reached skill level 5 in Stealth
    17 | D        | Reached skill level 5 in Spellcasting
    17 | D        | Reached XP level 4. HP: 27/27 MP: 4/11
    18 | D        | Noticed a scorpion
    18 | D        | Noticed a scorpion
    21 | D        | Killed a scorpion
    22 | D        | Reached skill level 5 in Conjurations
    22 | D        | Reached skill level 5 in Fire Magic
    22 | D        | Reached XP level 5. HP: 31/31 MP: 4/13
    32 | D        | Reached skill level 5 in Dodging
    32 | D        | Reached XP level 6. HP: 21/36 MP: 6/15
    39 | D        | Learned a level 2 spell: Scorch
    43 | D        | Learned a level 3 spell: Inner Flame
    48 | D        | Learned a level 4 spell: Flame Wave
    52 | D        | Noticed a wyvern
    52 | D        | Noticed a wyvern
    55 | D        | Noticed a neqoxec
    63 | D        | Noticed an obsidian statue
    65 | D        | Noticed a water moccasin
    69 | D        | Killed a water moccasin
    73 | D        | Found Exaerymi's General Store.
    73 | D        | Found Caduolu's Book Emporium.
    74 | D        | Found Esuostel's Assorted Antiques.
    74 | D        | Found Ipezyr's Distillery.
    74 | D        | Found Niav's Antique Armour Emporium.
    75 | D        | Found Bushru Zolint's Magic Scroll Shoppe.
    75 | D        | Found Seyk's Magic Scroll Emporium.
    75 | D        | Found Ythrag's Assorted Antiques.
    75 | D        | Found Xinoip's Antique Weapon Shoppe.
    76 | D        | Found Gidasoci's Jewellery Shoppe.
    76 | D        | Found Qogilegaed's Magic Scroll Emporium.
    76 | D        | Found Nofeod's Antique Armour Shoppe.
    76 | D        | Noticed a yak
    77 | D        | Noticed a yak
    79 | D        | Noticed a black bear
    80 | D        | Found Muveuzyi's Distillery.
    80 | D        | Noticed a yak
    80 | D        | Noticed an oklob plant
    81 | D        | Found Bemeygul's Jewellery Shoppe.
    81 | D        | Found Hanieneu's Book Shoppe.
    81 | D        | Noticed a black bear
    82 | D        | Noticed a black bear
    88 | D        | Noticed a fire dragon
   100 | D        | Bought a ring of poison resistance for 220 gold pieces
   111 | D        | Killed Menkaure
   128 | D        | Found a glowing golden altar of the Shining One.
   128 | D        | Found an ornate altar of the Wu Jian Council.
   132 | D        | Found a shimmering altar of Xom.
   132 | D        | Found a sacrificial altar of Ru.
   133 | D        | Found a basalt altar of Yredelemnul.
   133 | D        | Found a shimmering blue altar of Sif Muna.
   134 | D        | Found a glowing silver altar of Zin.
   134 | D        | Found a bloodstained altar of Trog.
   134 | D        | Found an ancient bone altar of Kikubaaqudgha.
   134 | D        | Found a stormy altar of Qazlal.
   134 | D        | Found a viscous altar of Jiyva.
   135 | D        | Found a hide-covered altar of Uskayaw.
   135 | D        | Found a corrupted altar of Lugonu.
   135 | D        | Found a shadowy altar of Dithmenos.
   136 | D        | Found a radiant altar of Vehumet.
   136 | D        | Found a burning altar of Makhleb.
   136 | D        | Found a white marble altar of Elyvilon.
   137 | D        | Found a sparkling altar of Nemelex Xobeh.
   137 | D        | Found a blossoming altar of Fedhas.
   138 | D        | Found an iron altar of Okawaru.
   138 | D        | Found an opulent altar of Gozag.
   140 | D        | Found a hazy altar of Hepliaklqana.
   140 | D        | Found a snail-covered altar of Cheibriados.
   144 | D        | Noticed a water moccasin
   144 | D        | Noticed a water moccasin
   146 | D        | Became a worshipper of Sif Muna the Loreminder
   160 | D        | Noticed a water moccasin
   160 | D        | Noticed a kraken
   161 | D        | Noticed a water moccasin
   168 | D        | Killed a water moccasin
   169 | D        | Reached XP level 7. HP: 30/41 MP: 10/18
   289 | D        | Learned a level 3 spell: Stone Arrow
   294 | D        | Learned a level 4 spell: Brom's Barrelling Boulder
   366 | D        | Noticed a yaktaur
   366 | D        | Noticed a hornet
   366 | D        | Noticed a polar bear
   486 | D        | Noticed a polar bear
   496 | D        | Killed a polar bear
   497 | D        | Killed a polar bear
   497 | D        | Reached * piety under Sif Muna
   497 | D        | Killed a hornet
   497 | D        | Engulfed by a cloud of flame

Illustrated notes

Levels and vault maps discovered:
D:        the_violet_keep_of_menkaure [sprint2_stairs_cluster_1,
          sprint2_shoproom, sprint2_temple, sprint2_basic_supplies,
          sprint2_obstacle_5, sprint2_obstacle_6, sprint2_obstacle_3,
          sprint2_obstacle_2, sprint2_obstacle_1, sprint2_timed_cluster_1,
          sprint2_smallroom_cluster_1, sprint2_smallroom_final_cluster_1,
          sprint2_transparent_cluster_1, sprint2_second_timed_cluster_1,
          sprint2_sniper_area_1, sprint2_heavy_combat_area_1,
          sprint2_mutation_trap_area_1, sprint2_forest_area_1,
          sprint2_light_combat_area_1, sprint2_behind_water_1,
          sprint2_near_end_vault_1]

Skill      XL: |  1  2  3  4  5  6  7 |
---------------+----------------------+-----
Dodging        | 3 4 5 6 |  6.0
Stealth        | 4 5 |  5.0
Spellcasting   | 4 5 6 8 |  8.4
Conjurations   | 3 4 5 6 8 |  8.7
Fire Magic     | 4 5 6 |  6.7
Hexes          | 2 |  2.3
Earth Magic    | 2 |  2.3
Invocations    | 2 |  2.6

Action                     |  1- 3 |  4- 6 |  7- 9 || total
---------------------------+-------+-------+-------++-------
  Melee: Unarmed           |     9 |    13 |       ||    22
         Constrict         |     2 |     2 |       ||     4
         Tentacles         |     2 |     2 |       ||     4
   Cast: Scorch            |       |     8 |     7 ||    15
         Foxfire           |       |       |    20 ||    20
         Inner Flame       |       |       |     2 ||     2
         Flame Wave        |       |       |     1 ||     1
    Use: Potion            |     2 |       |     2 ||     4
 Armour: Skin              |       |     4 |    14 ||    18
  Dodge: Dodged            |     5 |    16 |    11 ||    32

Table legend: (Time is in decaauts)
 A = Elapsed time spent in this place.
 B = Non-inter-level travel time spent in this place.
 C = Inter-level travel time spent in this place.
 D = Time resting spent in this place.
 E = Time spent auto-exploring this place.
 F = Levels seen in this place.
 G = Mean time per level.
                   A        B        C        D        E       F      G
               +--------+--------+--------+--------+--------+-----+--------+
         Total |    493 |    493 |      0 |    101 |      0 |   1 |  493.0 |
       Dungeon |    493 |    493 |      0 |    101 |      0 |   1 |  493.0 |
               +--------+--------+--------+--------+--------+-----+--------+

Top non-repeatable levels by time:
       D: 493 daAuts
